SL
GREENVILLE 84S @ LAS VEGAS FLAMINGOS
06/10/2041
 
TOP OF THE 1ST
Greenville 84s batting - Pitching for Las Vegas Flamingos : RHP Dermot Eridge
Pitching: RHP Dermot Eridge
Batting: SHB Glyn Bolasky 0-0: Called Strike
0-1: Ball
1-1: Ball
2-1: Swinging Strike
2-2: Ball
3-2: Base on Balls
Batting: LHB Philip Visscher 0-0: Swinging Strike
0-1: Ball
1-1: Swinging Strike
1-2: Foul Ball, location: 2F
1-2: Foul Ball, location: 2F
1-2: Foul Ball, location: 2F
1-2: Strikes out swinging
Batting: RHB Ángelo Delgado 0-0: Ball
1-0: Fly out, F8 (Flyball, 8LM, EV 85.6 MPH)
Batting: LHB Chris Payling 0-0: Called Strike
0-1: SINGLE (Line Drive, 6MD, EV 96.2 MPH)
Glyn Bolasky to second
Runner from 2nd tries for 3rd, SAFE, no throw by CF
Batting: RHB Gil Andersen 0-0: Foul Ball, location: 2F
0-1: Ball
1-1: DOUBLE (Line Drive, 89M, EV 109.4 MPH)
Glyn Bolasky scores
Chris Payling to third
Runner from 3rd tries for Home, throw by CF and OUT! 8-4-2
Top of the 1st over - 1 run, 2 hits, 0 errors, 1 left on base; Greenville 1 - Las Vegas 0
BOTTOM OF THE 1ST
Las Vegas Flamingos batting - Pitching for Greenville 84s : RHP Glenn Suggett
Pitching: RHP Glenn Suggett
Batting: LHB Dirk Horwedel 0-0: Ground out 1-3 (Groundball, P, EV 91.9 MPH)
Batting: LHB Owen Sharts 0-0: SINGLE (Line Drive, 89S, EV 90.6 MPH)
Batting: LHB Chan-ho Shinn 0-0: Ball
1-0: Called Strike
1-1: 2-RUN HOME RUN (Flyball, 7D, EV 99.4 MPH), Distance : 373 ft
Batting: LHB Lewis N. Clark 0-0: Called Strike
0-1: Swinging Strike
0-2: Strikes out swinging
Batting: LHB Adrián Gómez 0-0: Ball
1-0: Ball
2-0: Called Strike
2-1: Fly out, F9 (Flyball, 89S, EV 88.1 MPH)
Bottom of the 1st over - 2 runs, 2 hits, 0 errors, 0 left on base; Greenville 1 - Las Vegas 2
TOP OF THE 2ND
Greenville 84s batting - Pitching for Las Vegas Flamingos : RHP Dermot Eridge
Batting: LHB Roberts Hamhock 0-0: Called Strike
0-1: Foul Ball, location: 2F
0-2: Ball
1-2: Ground out 4-3 (Groundball, 4, EV 103.1 MPH)
Batting: LHB Lung Chaim 0-0: Called Strike
0-1: Fly out, F9 (Flyball, 9S, EV 89.4 MPH)
Batting: RHB Juan Jose Ayala 0-0: Ball
1-0: Foul Ball, location: 2F
1-1: Foul Ball, location: 2F
1-2: Fly out, F7 (Flyball, 7LS, EV 85.6 MPH)
Top of the 2nd over - 0 runs, 0 hits, 0 errors, 0 left on base; Greenville 1 - Las Vegas 2
BOTTOM OF THE 2ND
Las Vegas Flamingos batting - Pitching for Greenville 84s : RHP Glenn Suggett
Batting: RHB Samual Kingman 0-0: Called Strike
0-1: Reached on error, E3 (Groundball, 34, EV 84.4 MPH)
Batting: LHB Lao Tian 0-0: Foul Ball, location: 2F
0-1: Grounds into double play, 4-6-3 (Groundball, 34D, EV 104.4 MPH)
Batting: RHB Sake van Arem 0-0: Ball
1-0: Foul Ball, location: 2F
1-1: SINGLE (Groundball, 34D, EV 97.5 MPH)
Batting: RHB Esteban León 0-0: Ground out 1-3 (Groundball, 15S, EV 63.1 MPH)
Bottom of the 2nd over - 0 runs, 1 hit, 1 error, 1 left on base; Greenville 1 - Las Vegas 2
TOP OF THE 3RD
Greenville 84s batting - Pitching for Las Vegas Flamingos : RHP Dermot Eridge
Batting: RHB Freedon Akinmoladun 0-0: Ball
1-0: Called Strike
1-1: Foul Ball, location: 2F
1-2: Ball
2-2: Foul Ball, location: 2F
2-2: Foul Ball, location: 2F
2-2: Ground out 5-3 (Groundball, 56S, EV 66.2 MPH)
Batting: SHB Glyn Bolasky 0-0: Called Strike
0-1: Fly out, F4 (Line Drive, 4, EV 68.8 MPH)
Batting: LHB Philip Visscher 0-0: Called Strike
0-1: Ball
1-1: Ball
2-1: Fly out, F8 (Flyball, 8RS, EV 81.9 MPH)
Top of the 3rd over - 0 runs, 0 hits, 0 errors, 0 left on base; Greenville 1 - Las Vegas 2
BOTTOM OF THE 3RD
Las Vegas Flamingos batting - Pitching for Greenville 84s : RHP Glenn Suggett
Batting: LHB Dirk Horwedel 0-0: Ball
1-0: Ball
2-0: Called Strike
2-1: Ball
3-1: Base on Balls
Batting: LHB Owen Sharts 0-0: Ball
1-0: Fielders Choice at 2nd, 3-6 (Groundball, 34, EV 83.1 MPH)
Batting: LHB Chan-ho Shinn 0-0: Ball
Owen Sharts steals 2nd base
1-0: Ball
2-0: Called Strike
2-1: Ball
3-1: SINGLE (Line Drive, 34D, EV 98.1 MPH)
Owen Sharts to third
Runner from 3rd tries for Home, throw by RF and OUT! 9-2
Chan-ho Shinn to second
Batting: LHB Lewis N. Clark 0-0: Ball
1-0: Called Strike
1-1: Ball
2-1: Ball
3-1: Foul Ball, location: 2F
3-2: Strikes out swinging
Bottom of the 3rd over - 0 runs, 1 hit, 0 errors, 1 left on base; Greenville 1 - Las Vegas 2
TOP OF THE 4TH
Greenville 84s batting - Pitching for Las Vegas Flamingos : RHP Dermot Eridge
Batting: RHB Ángelo Delgado 0-0: Ball
1-0: Called Strike
1-1: Swinging Strike
1-2: Ball
2-2: Fly out, F9 (Flyball, 9S, EV 84.4 MPH)
Batting: LHB Chris Payling 0-0: Foul Ball, location: 2F
0-1: Ground out 3-1 (Groundball, 34, EV 82.5 MPH)
Batting: RHB Gil Andersen 0-0: Foul Ball, location: 2F
0-1: Ball
1-1: Ball
2-1: Foul Ball, location: 2F
2-2: SINGLE (Groundball, 56D, EV 100.0 MPH)
Batting: LHB Roberts Hamhock 0-0: Ball
1-0: Called Strike
1-1: Swinging Strike
1-2: Foul Ball, location: 2F
1-2: Ground out 1-3 (Groundball, 34S, EV 69.4 MPH)
Top of the 4th over - 0 runs, 1 hit, 0 errors, 1 left on base; Greenville 1 - Las Vegas 2
BOTTOM OF THE 4TH
Las Vegas Flamingos batting - Pitching for Greenville 84s : RHP Glenn Suggett
Batting: LHB Adrián Gómez 0-0: Foul Ball, location: 2F
0-1: Swinging Strike
0-2: Ball
1-2: Foul Ball, location: 2F
1-2: Foul Ball, location: 2F
1-2: Ball
2-2: Foul Ball, location: 2F
2-2: Strikes out swinging
Batting: RHB Samual Kingman 0-0: Ball
1-0: Called Strike
1-1: Ball
2-1: Ball
3-1: SINGLE (Line Drive, 9LM, EV 106.9 MPH)
Batting: LHB Lao Tian 0-0: Called Strike
0-1: Ball
1-1: Ball
2-1: Swinging Strike
2-2: Ball
3-2: Foul Ball, location: 2F
3-2: Foul Ball, location: 2F
3-2: Fly out, F8 (Line Drive, 8RD, EV 102.5 MPH)
Batting: RHB Sake van Arem 0-0: Swinging Strike
0-1: Ball
Wild Pitch!
Samual Kingman to second
1-1: Ball
2-1: SINGLE (Groundball, 6M, EV 79.4 MPH) (infield hit)
Samual Kingman to third
Batting: RHB Esteban León 0-0: Ball
1-0: Ball
2-0: Ball
3-0: Fly out, F7 (Flyball, 78S, EV 91.2 MPH)
Bottom of the 4th over - 0 runs, 2 hits, 0 errors, 2 left on base; Greenville 1 - Las Vegas 2
TOP OF THE 5TH
Greenville 84s batting - Pitching for Las Vegas Flamingos : RHP Dermot Eridge
Batting: LHB Lung Chaim 0-0: Foul Ball, location: 2F
0-1: SINGLE (Line Drive, 9LS, EV 103.8 MPH)
Batting: RHB Juan Jose Ayala 0-0: Called Strike
0-1: Bunted foul
0-2: Ball
1-2: Fly out, F3 (Line Drive, 3, EV 75.0 MPH)
Batting: RHB Freedon Akinmoladun 0-0: Ball
Lung Chaim is caught stealing 2nd base 2-4
1-0: Swinging Strike
1-1: Ground out 6-3 (Groundball, 6, EV 90.6 MPH)
Top of the 5th over - 0 runs, 1 hit, 0 errors, 0 left on base; Greenville 1 - Las Vegas 2
BOTTOM OF THE 5TH
Las Vegas Flamingos batting - Pitching for Greenville 84s : RHP Glenn Suggett
Batting: LHB Dirk Horwedel 0-0: Called Strike
0-1: Ball
1-1: SINGLE (Line Drive, 7S, EV 86.2 MPH)
Batting: LHB Owen Sharts 0-0: Ball
1-0: Called Strike
1-1: Called Strike
1-2: Strikes out swinging
Batting: LHB Chan-ho Shinn 0-0: Called Strike
0-1: Ball
1-1: Swinging Strike
1-2: 2-RUN HOME RUN (Flyball, 89XD, EV 105.0 MPH), Distance : 428 ft
Batting: LHB Lewis N. Clark 0-0: Swinging Strike
0-1: Called Strike
0-2: Ball
1-2: Strikes out swinging
Batting: LHB Adrián Gómez 0-0: Ball
1-0: Swinging Strike
1-1: Swinging Strike
1-2: DOUBLE (Groundball, 5L, EV 104.4 MPH)
Batting: RHB Samual Kingman 0-0: Ground out 4-3 (Groundball, 4S, EV 75.0 MPH)
Bottom of the 5th over - 2 runs, 3 hits, 0 errors, 1 left on base; Greenville 1 - Las Vegas 4
TOP OF THE 6TH
Greenville 84s batting - Pitching for Las Vegas Flamingos : RHP Dermot Eridge
Pitching: RHP Yoshii Ikeda
Batting: SHB Glyn Bolasky 0-0: Called Strike
0-1: Foul Ball, location: 2F
0-2: Ball
1-2: Strikes out swinging
Batting: LHB Philip Visscher 0-0: Fly out, F7 (Flyball, 78D, EV 100.6 MPH)
Batting: RHB Ángelo Delgado 0-0: Ball
1-0: Foul Ball, location: 2F
1-1: Called Strike
1-2: Strikes out swinging
Top of the 6th over - 0 runs, 0 hits, 0 errors, 0 left on base; Greenville 1 - Las Vegas 4
BOTTOM OF THE 6TH
Las Vegas Flamingos batting - Pitching for Greenville 84s : RHP Glenn Suggett
Batting: LHB Lao Tian 0-0: Ball
1-0: Called Strike
1-1: Ground out 4-3 (Groundball, 4MS, EV 84.4 MPH)
Pitching: RHP Mau Delgado
Batting: RHB Sake van Arem 0-0: Fly out, F7 (Flyball, 7S, EV 73.1 MPH)
Batting: RHB Esteban León 0-0: Swinging Strike
0-1: Ball
1-1: Foul Ball, location: 2F
1-2: Foul Ball, location: 2F
1-2: Strikes out swinging
Bottom of the 6th over - 0 runs, 0 hits, 0 errors, 0 left on base; Greenville 1 - Las Vegas 4
TOP OF THE 7TH
Greenville 84s batting - Pitching for Las Vegas Flamingos : RHP Yoshii Ikeda
Batting: LHB Chris Payling 0-0: Called Strike
0-1: SINGLE (Flyball, 7LS, EV 96.2 MPH)
Batting: RHB Gil Andersen 0-0: Ball
1-0: Foul Ball, location: 2F
1-1: Fly out, F8 (Flyball, 89D, EV 106.9 MPH)
Batting: LHB Roberts Hamhock 0-0: Ball
Chris Payling steals 2nd base
1-0: Called Strike
1-1: Foul Ball, location: 2F
1-2: Ball
2-2: SINGLE (Line Drive, 8LS, EV 99.4 MPH)
Chris Payling to third
Runner from 3rd tries for Home, SAFE, no throw by CF
Batting: LHB Lung Chaim 0-0: Ball
1-0: Called Strike
1-1: Ball
2-1: Grounds out, U3 (Groundball, 3L, EV 83.8 MPH)
Batting: RHB Juan Jose Ayala 0-0: Called Strike
0-1: Swinging Strike
0-2: Ball
1-2: Ball
2-2: Ball
3-2: Ground out 6-3 (Groundball, 6, EV 83.1 MPH)
Top of the 7th over - 1 run, 2 hits, 0 errors, 1 left on base; Greenville 2 - Las Vegas 4
BOTTOM OF THE 7TH
Las Vegas Flamingos batting - Pitching for Greenville 84s : RHP Mau Delgado
Pitching: RHP Dave Lawson
Batting: LHB Dirk Horwedel 0-0: Foul Ball, location: 2F
0-1: Swinging Strike
0-2: Ball
1-2: Ball
2-2: Ball
3-2: SINGLE (Groundball, 34D, EV 108.8 MPH)
Batting: LHB Owen Sharts 0-0: Bunted foul
0-1: Bunt missed!
0-2: Ball
1-2: Strikes out swinging
Batting: LHB Chan-ho Shinn 0-0: Ball
1-0: Swinging Strike
1-1: Ball
2-1: Foul Ball, location: 2F
2-2: Ball
3-2: Base on Balls
Dirk Horwedel to second
Batting: LHB Lewis N. Clark 0-0: Foul Ball, location: 2F
0-1: Ball
1-1: DOUBLE (Groundball, 3L, EV 102.5 MPH)
Dirk Horwedel scores
Chan-ho Shinn to third
Batting: LHB Adrián Gómez 0-0: Intentional Walk
Pitching: LHP Ramon Wuilink
Batting: RHB Samual Kingman 0-0: Called Strike
0-1: GRAND SLAM HOME RUN (Flyball, 7D, EV 110.0 MPH), Distance : 395 ft
Batting: LHB Lao Tian 0-0: Called Strike
0-1: Swinging Strike
0-2: Ground out 4-3 (Groundball, 34D, EV 98.8 MPH)
Batting: RHB Sake van Arem 0-0: Ball
1-0: Foul Ball, location: 2F
1-1: Foul Ball, location: 2F
1-2: Foul Ball, location: 2F
1-2: Strikes out swinging
Bottom of the 7th over - 5 runs, 3 hits, 0 errors, 0 left on base; Greenville 2 - Las Vegas 9
TOP OF THE 8TH
Greenville 84s batting - Pitching for Las Vegas Flamingos : RHP Yoshii Ikeda
Batting: RHB Freedon Akinmoladun 0-0: Called Strike
0-1: Ball
1-1: Fly out, F8 (Flyball, 8RM, EV 78.8 MPH)
Batting: SHB Glyn Bolasky 0-0: Fly out, F5 (Line Drive, 5, EV 73.8 MPH)
Batting: LHB Philip Visscher 0-0: SINGLE (Line Drive, 89S, EV 106.2 MPH)
Batting: RHB Ángelo Delgado 0-0: Ball
1-0: Ball
2-0: Ball
3-0: Called Strike
3-1: Base on Balls
Philip Visscher to second
Batting: LHB Chris Payling 0-0: Foul Ball, location: 2F
0-1: Ball
1-1: Ball
2-1: Called Strike
2-2: Foul Ball, location: 2F
2-2: Strikes out swinging
Top of the 8th over - 0 runs, 1 hit, 0 errors, 2 left on base; Greenville 2 - Las Vegas 9
BOTTOM OF THE 8TH
Las Vegas Flamingos batting - Pitching for Greenville 84s : LHP Ramon Wuilink
Batting: RHB Esteban León 0-0: Ground out 1-3 (Groundball, 15S, EV 64.4 MPH)
Pinch Hitting: LHB Cisco Hernández 0-0: Foul Ball, location: 2F
0-1: Ball
1-1: Ball
2-1: Ball
3-1: Base on Balls
Batting: LHB Owen Sharts 0-0: Swinging Strike
0-1: Called Strike
0-2: Ball
1-2: Ball
2-2: Strikes out swinging
Batting: LHB Chan-ho Shinn 0-0: Ground out 6-3 (Groundball, 6S, EV 80.6 MPH)
Bottom of the 8th over - 0 runs, 0 hits, 0 errors, 1 left on base; Greenville 2 - Las Vegas 9
TOP OF THE 9TH
Greenville 84s batting - Pitching for Las Vegas Flamingos : RHP Yoshii Ikeda
Now in CF: Cisco Hernández
Batting: RHB Gil Andersen 0-0: Ball
1-0: Foul Ball, location: 2F
1-1: Fly out, F6 (Popup, 6, EV 60.6 MPH)
Pitching: RHP Júlio Rodríguez
Batting: LHB Roberts Hamhock 0-0: Foul Ball, location: 2F
0-1: Called Strike
0-2: Ball
1-2: Foul Ball, location: 2F
1-2: Ball
2-2: Strikes out looking
Pinch Hitting: RHB Francisco Agámez 0-0: Called Strike
0-1: Ball
1-1: Ground out 6-3 (Groundball, 6, EV 105.0 MPH)
Top of the 9th over - 0 runs, 0 hits, 0 errors, 0 left on base; Greenville 2 - Las Vegas 9
Tuesday, January 5th, 2021 - OOTP Baseball 20.8 Build 74